Map: Mist Opportunities

Players

raincamp

  • Race: Zerg Zerg
  • League: Bronze
  • Spawn Location: 6:00

raincamp

  • Race: Terran Terran
  • Spawn Location: 5:00

VOD

Have the link to the VOD?

Description

Time

  • Played on: Nov. 11, 2017, 1:32 a.m.
  • Length: 30:29
Show
View Real Time Build Order
Export as new Build Order

raincamp Zerg 

Build Orders:  

Get SALT Encoding   

  12  0:06  Drone  
  13  0:11  Drone  
  14  0:26  Overlord  
  14  0:51  Drone x3  
  17  1:12  Roach Warren  
  17  1:13  Drone x2  
  18  1:33  Extractor x2  
  16  1:44  Spine Crawler  
  16  1:45  Spine Crawler  
  14  1:52  Drone x2  
  14  1:53  Drone  
  17  2:02  Drone  
  17  2:03  Drone  
  17  2:06  Drone  
  20  2:14  Drone  
  21  2:21  Drone  
  22  2:48  Lair  
  22  3:12  Hatchery  
  22  3:15  Drone  
  22  3:47  Spire  
  21  3:50  Drone x2  
  23  4:07  Drone x3  
  23  4:09  Overlord  
  26  4:13  Mutalisk  
  28  4:34  Extractor  
  28  4:36  Extractor  
  26  4:46  Drone x2  
  26  4:47  Drone  
  26  4:49  Drone x3  
  32  4:53  Mutalisk  
  32  4:55  Mutalisk  
  34  5:21  Leviathan  
  34  5:23  Mutalisk  
  34  5:28  Overlord x2  
  36  5:31  Mutalisk  
  36  5:53  Drone x3  
  36  5:54  Drone x2  
  36  5:59  Leviathan  
  41  6:09  Drone x4  
  45  6:10  Drone  
  46  6:34  Vicious Glave  
  46  6:41  Drone x3  
  46  6:42  Infestation Pit  
  46  6:43  Evolution Chamber, Drone x2  
  46  6:44  Mutalisk  
  49  7:04  Roach  
  49  7:09  Drone  
  52  7:11  Overlord x2  
  52  7:12  Leviathan  
  52  7:15  Hive  
  52  7:48  Zerg Missile Weapons Level 1  
  52  7:49  Zerg Flyer Weapons Level 1  
  52  8:06  Roach x2  
  56  8:19  Drone  
  57  8:20  Drone x2  
  57  8:21  Drone  
  57  8:22  Overlord x2  
  57  8:23  Overlord  
  58  9:01  Roach  
  56  9:17  Roach x3  
  56  9:18  Roach  
  56  9:19  Mutalisk x3  
  70  9:20  Mutalisk x2  
  70  9:25  Sundering Glave  
  74  9:35  Roach  
  74  9:57  Brutalisk  
  74  10:25  Roach  
  74  10:27  Roach  
  74  10:47  Brutalisk  
  74  10:49  Brutalisk  
  74  11:36  Bio-Mechanical Transfusion  
  74  11:42  Mutalisk  
  74  11:43  Mutalisk x3  
  74  11:45  Overlord x4  
  74  11:46  Overlord x5  
  78  11:50  Mutalisk x5  
  78  11:54  Drone x2  
  90  12:12  Drone x2  
  92  12:27  Zerg Missile Weapons Level 2  
  92  12:29  Rapid Regeneration  
  92  12:30  Mutalisk  
  92  12:31  Mutalisk x5  
  102  12:59  Drone x3  
  103  13:05  Zerg Flyer Weapons Level 2  
  101  13:21  Mutalisk  
  101  13:22  Mutalisk x3  
  101  13:23  Roach  
  101  13:24  Roach x4  
  119  13:41  Mutalisk  
  119  13:43  Roach x3  
  127  13:58  Spore Crawler  
  127  13:59  Spore Crawler x2  
  124  14:00  Spore Crawler  
  123  14:11  Mutalisk x2  
  123  14:12  Mutalisk, Roach  
  123  14:13  Roach x2  
  135  14:35  Roach  
  135  14:36  Roach x2, Mutalisk x2  
  141  15:04  Roach  
  141  15:26  Brutalisk  
  141  16:07  Drone  
  141  16:08  Drone x9  
  141  16:09  Drone x6  
  157  16:11  Overlord x2  
  157  16:13  Zerg Flyer Weapons Level 3  
  157  16:15  Zerg Missile Weapons Level 3  
  157  16:57  Mutalisk  
  157  16:58  Mutalisk x5  
  169  17:00  Overlord x3  
  169  17:01  Overlord  
  169  17:11  Drone  
  170  17:21  Spine Crawler  
  170  17:22  Spine Crawler  
  170  17:23  Spine Crawler  
  170  17:25  Spine Crawler x2  
  170  17:26  Spine Crawler  
  170  17:27  Spine Crawler  
  163  17:37  Spine Crawler  
  162  17:41  Spine Crawler  
  162  17:43  Spine Crawler x2  
  162  17:44  Spine Crawler x2  
  162  17:45  Spine Crawler  
  162  17:46  Spine Crawler  
  162  17:48  Spine Crawler  
  154  18:06  Drone  
  154  18:07  Drone x12  
  167  18:26  Mutalisk x4  
  175  19:12  Spine Crawler x2  
  175  19:13  Spine Crawler  
  175  19:14  Spine Crawler  
  171  19:34  Mutalisk  
  171  19:35  Mutalisk x6  
  171  19:36  Mutalisk  
  187  19:42  Spine Crawler  
  187  19:43  Spine Crawler  
  187  19:45  Spine Crawler  
  184  20:43  Spine Crawler x2  
  184  20:45  Spine Crawler x2  
  184  20:47  Spine Crawler  
  184  20:48  Spine Crawler  
  178  20:52  Mutalisk x5  
  188  22:04  Drone  
  188  22:05  Drone x11  
  200  23:30  Spine Crawler  
  200  23:31  Spine Crawler x2  
  200  23:32  Spine Crawler  
  200  23:39  Spine Crawler x2  
  194  23:40  Spine Crawler x2  
  194  23:41  Spine Crawler  
  194  23:47  Spore Crawler  
  190  23:51  Spore Crawler x2  
  190  23:52  Roach x9, Mutalisk  
  190  23:53  Mutalisk x5  
  180  24:33  Mutalisk x4  
  180  24:34  Mutalisk x5  
  180  24:35  Mutalisk  
  194  24:51  Mutalisk x3  
  200  27:23  Zerg Flyer Armor Level 1  
  200  27:24  Zerg Ground Armor Level 1  
  156  28:16  Mutalisk  
  156  28:17  Mutalisk x12  
  156  28:18  Mutalisk  
  184  29:15  Mutalisk x2  
Show
View Real Time Build Order
Export as new Build Order

raincamp Terran 

Build Orders:  

Get SALT Encoding   

Tags
 
Add a new tag
Caveats
  • Supply blocks, unpowered buildings, or Contaminate may cause inaccurate times.
  • Supply counts are checked every 10 seconds.